 Dungeon Crawl Stone Soup version 0.28-a0-297-g99b01970c5 (webtiles) character file.

Game seed: 15904247553794456822

60 Anathary the Sneak (level 3, -2/18 HPs)
             Began as a Spriggan Brigand on Aug 29, 2021.
             Slain by a worm (7 damage)
             ... on level 3 of the Dungeon.
             The game lasted 00:08:22 (1983 turns).

Anathary the Sneak (Spriggan Brigand)               Turns: 1983, Time: 00:08:22

Health: -2/18      AC:  3    Str:  7    XL:     3   Next: 80%
Magic:  4/4        EV: 17    Int: 12    God:
Gold:   77         SH:  0    Dex: 17    Spells: 2/2 levels left

rFire   . . .      SeeInvis +   a - +2 dagger
rCold   . . .      Faith    .   (shield restricted)
rNeg    . . .      Spirit   .   b - +0 robe
rPois   .          Reflect  .   (helmet restricted)
rElec   .          Harm     .   c - +0 cloak
rCorr   .          Rampage  .   (gloves unavailable)
Will    .....                   (boots unavailable)
Stlth   ++++......              (no amulet)
HPRegen 0.06/turn               (no ring)
MPRegen 0.09/turn               (no ring)

@: very quick
A: very small, no large weapons, unfitting armour, see invisible, speed 3
a: no special abilities


You were on level 3 of the Dungeon.
You visited 1 branch of the dungeon, and saw 3 of its levels.

You collected 77 gold pieces.

Inventory:

Hand Weapons
 a - a +2 dagger (weapon)
Missiles
 d - 8 poisoned darts (quivered)
 e - 2 curare-tipped darts
Armour
 b - a +0 robe (worn)
 c - a +0 cloak (worn)
Scrolls
 g - a scroll of blinking {unknown}
 i - a scroll of magic mapping {unknown}
 l - a scroll of noise {unknown}
 n - a scroll of fog {unknown}
 o - a scroll of brand weapon {unknown}
 p - a scroll of enchant weapon {unknown}
 q - 2 scrolls of identify {unknown}
Potions
 f - a potion of flight {unknown}
 h - 2 potions of curing {unknown}
 j - 2 potions of heal wounds {unknown}
 k - a potion of ambrosia {unknown}
 m - a potion of resistance {unknown}


   Skills:
 + Level 1.9 Fighting
 + Level 3.0 Short Blades
 - Level 2.0 Throwing
 + Level 1.8 Dodging
 + Level 7.2 Stealth


You had 2 spell levels left.
You didn't know any spells.
Your spell library was empty.

Dungeon Overview and Level Annotations

Branches:
Dungeon (3/15)

Altars:

Shops:
D:2 (


Innate Abilities, Weirdness & Mutations

You are very small and have problems with some larger weapons.
You are too small for most types of armour.
You have supernaturally acute eyesight. (SInv)
You cover ground extremely quickly. (Speed+++)


Message History

You hit the rat but do no damage.
The rat is severely wounded.
The rat bites you.
You hit the rat.
You kill the rat!
You see here a rat corpse.
Found a stone staircase leading down.
You open the door.
Found a scroll labelled QIOCWI AMNYI.
There is an open door here.
You open the door.
There is an open door here.
Found a scroll labelled QIOCWI AMNYI.
q - a scroll labelled QIOCWI AMNYI
Found a trident.
There is an open door here.
q - 2 scrolls labelled QIOCWI AMNYI (gained 1)
You open the door.
A quokka comes into view.
A worm comes into view.
There is an open door here.
The helpless quokka fails to defend itself.
You impale the quokka!!
You kill the quokka!
You hit the worm.
The worm is lightly wounded.
You hit the worm.
The worm is moderately wounded.
The worm bites you.
You hit the worm.
The worm is heavily wounded.
You hit the worm but do no damage.
The worm is heavily wounded.
The worm bites you!
* * * LOW HITPOINT WARNING * * *
You hit the worm.
The worm is heavily wounded.
You hit the worm.
The worm is heavily wounded.
The worm bites you!
You die...

##+## #.. ##...## #.#
##.....## ##.#
##.......## ##..#
#.........####...######
'.........'....†.......
#.........####...#####
##.......## ##..#
##.....## ##@# ##...##
#w# ##'## ..# #####.#
#.## ....#.# #.
###.#.## #.
.##....##### #.
............. #.
.##....##.##.


You could see a worm.

Vanquished Creatures
  An adder (D:2)
  A worm (D:3)
  A dart slug (D:1)
  6 bats (D:2)
  5 endoplasms
  3 giant cockroaches (D:1)
  4 hobgoblins
  A quokka (D:3)
  3 ball pythons
  2 frilled lizards
  6 goblins
  5 kobolds
  5 rats
43 creatures vanquished.

Notes
Turn   | Place    | Note
-------+----------+-------------------------------------------
     0 | D:1      | Anathary the Spriggan Brigand began the quest for the Orb.
     0 | D:1      | Reached XP level 1. HP: 10/10 MP: 2/2
    46 | D:1      | Reached skill level 6 in Stealth
   171 | D:1      | Reached XP level 2. HP: 5/15 MP: 3/3
  1070 | D:2      | Found a faded altar of an unknown god.
  1087 | D:2      | Reached skill level 7 in Stealth
  1087 | D:2      | Reached XP level 3. HP: 15/18 MP: 4/4
  1575 | D:2      | Found Kaurph's Weapon Boutique.
  1983 | D:3      | Slain by a worm

Illustrated notes

Levels and vault maps discovered:
D:1:      minmay_arrival_four_circles, layout_rooms
D:2:      layout_rooms, serial_shops, shop_statue,
          ebering_ecumenical_altar_petrified
D:3:      layout_loops_corners, nicolae_ashenzari_panopticon

Skill      XL: |  1  2  3 |
---------------+----------+-----
Stealth        | 6 7 |  7.2
Short Blades   | 3 |  3.0
Fighting       | |  1.9
Throwing       | |  2.0
Dodging        | |  1.8

Action                   || total
-------------------------++-------
Melee: Dagger            ||   150
 Stab: Sleeping          ||    10
Armor: Robe              ||    27
Dodge: Dodged            ||    98

Table legend: (Time is in decaauts)
 A = Elapsed time spent in this place.
 B = Non-inter-level travel time spent in this place.
 C = Inter-level travel time spent in this place.
 D = Time resting spent in this place.
 E = Time spent auto-exploring this place.
 F = Levels seen in this place.
 G = Mean time per level.
                   A        B        C        D        E       F      G
               +--------+--------+--------+--------+--------+-----+--------+
         Total |   1481 |   1481 |      0 |    492 |    463 |   3 |  493.7 |
       Dungeon |   1481 |   1481 |      0 |    492 |    463 |   3 |  493.7 |
               +--------+--------+--------+--------+--------+-----+--------+

Top non-repeatable levels by time:
     D:1: 791 daAuts
     D:2: 574 daAuts
     D:3: 116 daAuts
